 Dungeon Crawl Stone Soup version 0.30.1-4-g462c640d31 (webtiles) character file.

Game seed: 15289559175450873287

305474 spardeous the Thaumaturge (level 19, 0/205 HPs)
             Began as a Demigod Conjurer on Aug 17, 2023.
             Killed by divine providence
             ... invoked by Saint Roka
              (9 damage)
             ... on level 1 of the Vaults.
             The game lasted 02:25:40 (62109 turns).

spardeous the Thaumaturge (Demigod Conjurer)       Turns: 62109, Time: 02:25:41

Health: 0/205      AC: 32    Str: 35    XL:     19   Next: 50%
Magic:  9/42       EV: 23    Int: 29    God:
Gold:   1804       SH: 15    Dex: 18    Spells: 4/45 levels left

rFire   . . .        W - +7 broad axe (flame)
rCold   + . .        g - +2 kite shield {AC+3}
rNeg    + . .        s - melded +4 ring mail {rPois}
rPois   ∞            o - +0 helmet of Curiosity {Will+ Dex+4}
rElec   +            c - scarf of Anoysch {+Inv, rC+ Str+3 Dex+3}
rCorr   .            f - melded +1 pair of gloves of Filth {Rampage Int+2}
SInv    .            i - melded +1 pair of boots of Jephag {rPois rN+++ Dex-5}
Will    ++...        Y - amulet of magic regeneration
Stlth   ++           w - +6 ring of intelligence
HPRegen 0.54/turn    T - +5 ring of evasion
MPRegen 0.68/turn

%: no passive effects
@: mighty, statue-form, hasted, invisible
A: slow and powerful, torment resistance 1, boosted hp, high MP 1, forlorn,
divine attributes, strong 1, evolution 1
}: 2/15 runes: decaying, serpentine
a: End Transformation, Evoke Invisibility


You were on level 1 of the Vaults.
You were a living statue of rough stone.
You visited 7 branches of the dungeon, and saw 33 of its levels.
You also visited: Gauntlet.

You collected 4341 gold pieces.
You spent 2537 gold pieces at shops.

Inventory:

Hand Weapons
 b - the +5 spear of Compound Interest {freeze, SInv}
   (You took it off a spriggan rider on level 14 of the Dungeon)

   SInv:      It lets you see invisible.
 W - a +7 broad axe of flaming (weapon)
Missiles
 j - 5 silver javelins (quivered)
Armour
 c - the scarf of Anoysch (worn) {+Inv, rC+ Str+3 Dex+3}
   (You found it in a Gauntlet)

   Str:       It affects your strength (+3).
   Dex:       It affects your dexterity (+3).
   rC:        It protects you from cold.
 f - the +1 pair of gloves of Filth (melded) {Rampage Int+2}
   (You acquired it on level 10 of the Dungeon)

   Int:       It affects your intelligence (+2).
   Rampage:   It bestows one free step when moving towards enemies.
 g - a +2 kite shield of protection (worn)
 i - the +1 pair of boots of Jephag (melded) {rPois rN+++ Dex-5}
   (You found it in a Gauntlet)

   Dex:       It affects your dexterity (-5).
   rPois:     It protects you from poison.
   rN:        It renders you almost immune to negative energy.
 o - the +0 helmet of Curiosity (worn) {Will+ Dex+4}
   (You bought it in a shop on level 4 of the Snake Pit)

   Dex:       It affects your dexterity (+4).
   Will:      It increases your willpower.
 s - a +4 ring mail of poison resistance (melded)
 I - a +0 pair of boots
 N - the +2 chain mail of the Grue {rElec rC+}
   (You bought it in a shop on level 4 of the Snake Pit)

   rC:        It protects you from cold.
   rElec:     It insulates you from electricity.
Jewellery
 u - an amulet of reflection
 w - a +6 ring of intelligence (left fist)
 C - a ring of willpower
 J - a +4 ring of protection
 L - a ring of ice
 O - a +6 ring of strength
 S - a ring of see invisible
 T - a +5 ring of evasion (right fist)
 Y - an amulet of magic regeneration (around neck)
 Z - an amulet of regeneration
Wands
 a - a wand of quicksilver (20)
 v - a wand of flame (58)
 y - a wand of mindburst (26)
 B - a wand of roots (31)
 D - a wand of digging (9)
 V - a wand of paralysis (17)
Scrolls
 e - 6 scrolls of blinking
 m - 6 scrolls of poison
 n - 2 scrolls of amnesia
 x - 2 scrolls of magic mapping
 z - a scroll of brand weapon
 E - 6 scrolls of vulnerability
 G - 6 scrolls of immolation
 H - 4 scrolls of enchant armour
 K - a scroll of silence
 M - 2 scrolls of fog
 Q - 3 scrolls of fear
Potions
 k - 7 potions of brilliance
 p - 5 potions of might
 q - 5 potions of lignification
 t - 5 potions of attraction
 A - a potion of haste
 F - a potion of berserk rage
 P - a potion of ambrosia
 R - 4 potions of mutation
 X - 9 potions of flight


   Skills:
 + Level 11.4 Fighting
 - Level 11.8 Axes
 - Level 7.8 Armour
 - Level 10.1 Dodging
 - Level 2.8 Stealth
 - Level 11.5 Shields
 - Level 13.5 Spellcasting
 - Level 11.1 Conjurations
 - Level 4.2 Necromancy
 - Level 12.5 Translocations
 - Level 8.4 Transmutations
 - Level 8.4 Earth Magic


You had 4 spell levels left.
You knew the following spells:

 Your Spells              Type           Power      Damage    Failure   Level
a - Magic Dart            Conj           100%       1d8       1%          1
b - Vhi's Electric Charg  Tloc/Air       100%       N/A       1%          3
c - Iskenderun's Mystic   Conj/Tloc      73%        2d15      1%          4
d - Statue Form           Tmut/Erth      41%        N/A       19%         6
e - Fulminant Prism       Conj/Hex       25%        3d14      3%          4
f - Borgnjor's Vile Clut  Necr/Erth      27%        N/A       8%          5
g - Olgreb's Toxic Radia  Pois           19%        N/A       36%         4
h - Wereblood             Tmut           62%        N/A       1%          2
j - Arcjolt               Conj/Air       25%        1d35      11%         5
k - Leda's Liquefaction   Hex/Erth       22%        N/A       6%          4
l - Swiftness             Air            19%        N/A       11%         3

Your spell library contained the following spells:

 Spells                   Type           Power      Damage    Failure   Level
 Beastly Appendage        Tmut           100%       N/A       1%          1
 Foxfire                  Conj/Fire      100%       2x1d9     1%          1
 Kiss of Death            Conj/Necr      100%       2d13      1%          1
 Sting                    Tmut/Pois      100%       1d8       1%          1
 Passwall                 Tmut/Erth      51%        N/A       1%          2
 Searing Ray              Conj           100%       2d8       1%          2
 Dazzling Flash           Conj/Hex       100%       N/A       1%          3
 Portal Projectile        Hex/Tloc       100%       N/A       1%          3
 Spider Form              Tmut/Pois      43%        N/A       1%          3
 Volatile Blastmotes      Fire/Tloc      100%       2d18      1%          3
 Mephitic Cloud           Conj/Pois/Air  41%        N/A       2%          3
 Summon Small Mammal      Summ           76%        N/A       3%          1
 Cigotuvi's Dreadful Rot  Necr/Pois/Air  54%        N/A       3%          2
 Ignite Poison            Fire/Tmut/Pois 35%        N/A       3%          3
 Flame Wave               Conj/Fire      51%        2d13      3%          4
 Ensorcelled Hibernation  Hex/Ice        38%        N/A       5%          2
 Poisonous Vapours        Pois/Air       38%        N/A       5%          2
 Scorch                   Fire           38%        2d7       5%          2
 Dispel Undead            Necr           44%        3d17      6%          4
 Call Canine Familiar     Summ           19%        N/A       11%         3
 Confusing Touch          Hex            19%        N/A       11%         3
 Summon Guardian Golem    Hex/Summ       19%        N/A       11%         3
 Tukima's Dance           Hex            19%        N/A       11%         3
 Anguish                  Hex/Necr       15%        N/A       16%         4
 Summon Ice Beast         Ice/Summ       19%        N/A       36%         4
 Iskenderun's Battlesphe  Conj           71%        2d12      1%          5
 Blade Hands              Tmut           31%        N/A       3%          5
 Lee's Rapid Deconstruct  Erth           31%        3d16*     3%          5
 Fireball                 Conj/Fire      25%        3d11      11%         5
 Alistair's Intoxication  Tmut/Pois      28%        N/A       19%         5
 Freezing Cloud           Conj/Ice/Air   20%        6-21      22%         5
 Orb of Destruction       Conj           35%        9d10      32%         7
 Conjure Ball Lightning   Conj/Air       25%        3x3d7     50%         6
 Starburst                Conj/Fire      25%        6d8       50%         6
 Eringya's Noxious Bog    Tmut/Pois      21%        N/A       69%         6
 Plasma Beam              Fire/Air       9%         2x1d22    99%         6
 Summon Cactus Giant      Summ           9%         N/A       99%         6
 Dragon's Call            Summ           9%         N/A       100%        9


Dungeon Overview and Level Annotations

Branches:
Dungeon (15/15)            Temple (0/1) D:6            Lair (5/5) D:10
  Swamp (4/4) Lair:3        Snake (4/4) Lair:2        Slime (0/5) Lair:4
    Orc (2/2) D:9             Elf (2/3) Orc:2        Vaults (1/5) D:14
 Depths (0/4) D:15        Gauntlet (visited)

Shops:
D:8 ?   Orc:2 **(:   Elf:2 (   Snake:1 !:   Snake:4 [:

Portals:
Pandemonium: Orc:2

Annotations:
Lair:5 Zeor's ghost, journeyman DrGl
Swamp:3 Bai Suzhen
Elf:2 Asterion
Vaults:1 Saint Roka


Innate Abilities, Weirdness & Mutations

You are a living statue of rough stone.
Your actions are slow, but your melee attacks are powerful.
You are resistant to unholy torment.
Your maximum health is greatly increased.
You are immune to poison.
Your equipment is partially melded.
You have an increased reservoir of magic. (+10% MP)
You shall have no god before yourself.
Your divine heritage dramatically boosts your attributes as you level up.
Your muscles are strong. (Str +4, Int/Dex -1)
You have hidden genetic potential.


Message History

Saint Roka is moderately wounded.
Saint Roka invokes the aid of Beogh against you.
Beogh smites you!
* * * LOW HITPOINT WARNING * * *
You take 15 damage, and have 20/205 hp.
Unknown command.
You chop Saint Roka into pieces!!! You burn Saint Roka!
Saint Roka is severely wounded.
Saint Roka mumbles some strange prayers to Beogh against you.
Beogh smites you!
* * * LOW HITPOINT WARNING * * *
You take 13 damage, and have 7/205 hp.
Unknown command.
Okay, then.
Casting: Iskenderun's Mystic Blast (safe; 1% risk of failure)
Confirm with . or Enter, or press ? or * to list all spells.
You erupt in a blast of force!
The mystic blast hits the orc!
You kill the orc!
The mystic blast hits Saint Roka!
Saint Roka is severely wounded.
Saint Roka is knocked back by the mystic blast.
You now have 11/42 mp.
Unknown command.
Casting: Iskenderun's Mystic Blast (safe; 1% risk of failure)
Confirm with . or Enter, or press ? or * to list all spells.
Okay, then.
You fade into invisibility!
Okay, then.
You slice the orc!! You burn the orc.
You kill the orc!
Casting: Iskenderun's Mystic Blast (safe; 1% risk of failure)
Confirm with . or Enter, or press ? or * to list all spells.
You erupt in a blast of force!
The mystic blast hits Saint Roka.
Saint Roka is severely wounded.
Saint Roka is knocked back by the mystic blast.
Saint Roka slams into the stone wall!
Saint Roka is severely wounded.
Saint Roka calls down the wrath of Beogh upon you.
Beogh smites you!
You die...

#.....# #Y....# ##
#.....# #)# #Y....# #.#
#####..Y..#
#)##)).#.....#
#8)))o#.....#
####...'[....#
#...§..#.....#
#......#.....#
#......#.....#
###########...####.....#
#.........'...# #.....#
#.........#...# #.....#
#.........##### #.....#


You could see Saint Roka (unable to see you).

Vanquished Creatures
  A tentacled monstrosity (Swamp:4)
  Jorgrun (Elf:2)
  Agnes (Snake:3)
  2 thorn hunters (Swamp:4)
  Roxanne (D:15)
  A fire giant (D:15)
  2 vault wardens (Vaults:1)
  6 nagarajas (Snake:4)
  The ghost of Zeor the Warrior, an adept GrGl of Wu Jian (D:14)
  The ghost of Ychix the Thaumaturge, a journeyman GnSk of Makhleb (Swamp:2)
  An ironbound preserver (Vaults:1)
  A hydra skeleton (Swamp:4)
  An ironbound thunderhulk (Vaults:1)
  4 very ugly things (Vaults:1)
  Nessos (D:12)
  A deep elf demonologist (Elf:1)
  5 eleionomae
  2 vampire knights
  4 dire elephants (Vaults:1)
  A minotaur (Gauntlet)
  9 bunyips
  An eidolon (Vaults:1)
  A crystal guardian (Vaults:1)
  An ettin (Orc:1)
  3 yaktaur captains (Vaults:1)
  2 great orbs of eyes (Vaults:1)
  The ghost of turdburglar the Zephyrmancer, a journeyman DrAE of Vehumet (Lair:1)
  4 shambling mangroves
  19 hydras
  5 salamander tyrants (Snake:4)
  8 anacondas
  2 ironbound frosthearts (Vaults:1)
  7 centaur warriors
  A demonspawn (Orc:2)
  3 ghost crabs
  6 alligators
  Erolcha (Orc:1)
  The ghost of sunglassesatnite the Basher, a novice MiBe of Trog (Orc:1)
  2 catoblepae (D:14)
  8 two-headed ogres
  A tengu warrior (D:15)
  11 naga warriors
  14 death yaks
  5 boulder beetles
  3 orc high priests (Orc:2)
  24 dancing weapons
  12 naga sharpshooters
  12 shock serpents
  A sun demon (Orc:2)
  11 deep elf knights
  Nergalle (D:12)
  5 goliath frogs
  2 skysharks
  3 skeletal warriors (D:14)
  5 salamander mystics
  8 swamp dragons
  A flayed ghost (Swamp:4)
  3 spriggan druids
  4 deep trolls (Vaults:1)
  9 naga ritualists
  A wizard (D:14)
  2 bog bodies
  5 orc knights
  10 deep elf archers
  3 spectral hydras (Swamp:4)
  17 deep elf pyromancers
  14 deep elf zephyrmancers
  11 orc sorcerers
  4 ugly things
  A necromancer (D:14)
  7 mana vipers
  23 salamanders
  5 oklob plants
  The ghost of zeram the Skirmisher, a novice SpHu of Gozag (D:7)
  6 cyclopes
  4 will-o-the-wisps
  12 naga magi
  A worldbinder (Gauntlet)
  A vault sentinel (Vaults:1)
  40 black mambas
  4 guardian serpents
  17 cane toads
  A torpor snail (Lair:1)
  3 rime drakes
  2 unseen horrors (D:11)
  3 efreet
  11 yaktaurs
  A tengu conjurer (D:15)
  10 komodo dragons
  A freezing wraith (Swamp:4)
  A bloated husk (Swamp:3)
  A hydra zombie (Swamp:4)
  2 death drake zombies (Swamp:4)
  A red devil (Orc:2)
  4 polar bears
  3 meliai (D:14)
  27 hornets
  12 blink frogs
  10 trolls
  Prince Ribbit (Lair:1)
  11 tyrant leeches
  Grinder (D:6)
  A raiju (Gauntlet)
  15 slime creatures
  14 dream sheep
  2 shadows (D:11)
  3 wraiths
  2 air elementals (Elf:1)
  21 spriggans
  51 yaks
  4 vampires
  4 basilisks
  14 vampire mosquitoes
  2 chaos spawn (Gauntlet)
  7 wyverns
  3 steam dragons
  A redback simulacrum (D:15)
  Menkaure (D:4)
  A neqoxec (Gauntlet)
  2 wargs
  27 nagas
  13 swamp worms
  4 acid dragons
  A hydra simulacrum (Swamp:4)
  13 water moccasins
  33 orc warriors
  5 swamp drakes
  3 ice beasts
  12 black bears
  A sky beast (D:7)
  11 boggarts
  4 ogres
  28 wolves
  2 swamp dragon zombies (Swamp:4)
  10 centaurs
  7 kobold brigands
  8 bullfrogs
  A gnoll sergeant (D:7)
  2 earth elementals (Elf:1)
  8 scorpions
  7 wights
  4 killer bees (D:10)
  3 electric eels
  6 howler monkeys
  7 jellies
  A gnoll bouda (D:7)
  37 orc priests
  4 hounds
  Jessica (D:2)
  2 iguanas
  24 orc wizards
  11 hell rats
  2 lightning spires (Gauntlet)
  7 adders
  4 river rats (Lair:4)
  2 shadow imps
  5 white imps
  2 ufetubi
  2 worms
  82 orcs
  7 ball pythons
  10 endoplasms
  A giant cockroach (D:1)
  7 hobgoblins
  A jackal (D:1)
  16 kobolds
  5 quokkas
  3 bats
  4 frilled lizards
  6 goblins
  8 rats
1175 creatures vanquished.

Vanquished Creatures (collateral kills)
  A centaur warrior (D:10)
1 creature vanquished.

Vanquished Creatures (others)
  2 alligators
  2 spectral hydras (Swamp:4)
  A deep elf pyromancer (Elf:1)
  A yaktaur (Vaults:1)
  A hydra zombie (Swamp:4)
  A tyrant leech (Swamp:1)
  A swamp dragon zombie (Swamp:4)
  A swamp dragon skeleton (Swamp:4)
  An orc (Orc:1)
  A butterfly (Swamp:3)
  14 foxfires
  109 fulminant prisms
135 creatures vanquished.

Grand Total: 1311 creatures vanquished

Notes
Turn   | Place    | Note
-------+----------+-------------------------------------------
     0 | D:1      | spardeous the Demigod Conjurer began the quest for the Orb.
     0 | D:1      | Reached XP level 1. HP: 14/14 MP: 5/5
   234 | D:1      | Reached skill level 2 in Spellcasting
   383 | D:1      | Reached XP level 2. HP: 20/20 MP: 4/7
  1170 | D:2      | Noticed Jessica
  1174 | D:2      | Killed Jessica
  1175 | D:2      | Reached XP level 3. HP: 26/26 MP: 4/9
  2028 | D:2      | Reached skill level 3 in Spellcasting
  2028 | D:2      | Reached XP level 4. HP: 33/33 MP: 8/11
  2031 | D:2      | Learned a level 2 spell: Searing Ray
  2036 | D:2      | Learned a level 4 spell: Iskenderun's Mystic Blast
  3210 | D:4      | Reached skill level 5 in Conjurations
  3210 | D:4      | Reached XP level 5. HP: 38/38 MP: 6/13
  3389 | D:4      | Noticed Menkaure
  3410 | D:4      | Killed Menkaure
  3411 | D:4      | Reached skill level 4 in Spellcasting
  3411 | D:4      | Reached XP level 6. HP: 17/45 MP: 8/15
  3933 | D:5      | Entered Level 5 of the Dungeon
  4112 | D:5      | Reached skill level 5 in Spellcasting
  4112 | D:5      | Reached XP level 7. HP: 47/50 MP: 11/18
  5539 | D:6      | Reached skill level 6 in Spellcasting
  5539 | D:6      | Reached XP level 8. HP: 54/57 MP: 11/20
  5714 | D:6      | Noticed Grinder
  5716 | D:6      | Paralysed by Grinder for 3 turns
  5727 | D:6      | Killed Grinder
  5805 | D:6      | Identified the +2 leather armour of Fashionability {rN++
                  | Int-3}
  6260 | D:6      | Reached skill level 7 in Spellcasting
  6724 | D:6      | Found a staircase to the Ecumenical Temple.
  7108 | D:7      | Reached skill level 1 in Translocations
  7108 | D:7      | Reached XP level 9. HP: 56/62 MP: 18/24
  7305 | D:7      | Found a runed translucent door.
  7309 | D:7      | Noticed zeram's ghost (novice SpHu)
  7759 | D:7      | Reached skill level 5 in Translocations
  8841 | D:7      | Killed zeram's ghost
  9099 | D:8      | Reached XP level 10. HP: 69/69 MP: 11/25
  9746 | D:8      | Found Pufymypumn's Magic Scroll Emporium.
  9762 | D:8      | Bought a scroll of identify for 32 gold pieces
  9762 | D:8      | Bought a scroll of identify for 32 gold pieces
  9762 | D:8      | Bought a scroll of identify for 32 gold pieces
  9762 | D:8      | Bought a scroll of identify for 32 gold pieces
  9762 | D:8      | Identified a scroll of acquirement
 10879 | D:9      | Reached skill level 10 in Translocations
 11092 | D:9      | Found a staircase to the Orcish Mines.
 11754 | D:10     | Entered Level 10 of the Dungeon
 12474 | D:10     | Reached skill level 8 in Spellcasting
 12638 | D:10     | Reached XP level 11. HP: 65/74 MP: 15/27
 12753 | D:10     | Found a staircase to the Lair.
 13231 | D:10     | Noticed a centaur warrior
 13238 | D:10     | Killed a centaur warrior
 13239 | D:10     | Reached skill level 9 in Spellcasting
 13812 | D:10     | Paralysed by a hornet for 1 turns
 13999 | D:10     | Noticed a two-headed ogre
 14010 | D:10     | Killed a two-headed ogre
 14187 | D:10     | Reached skill level 10 in Spellcasting
 14191 | D:10     | Noticed a two-headed ogre
 14195 | D:10     | Killed a two-headed ogre
 14577 | D:10     | Acquired the +1 pair of gloves of Filth {Rampage Int+2}
 14589 | D:10     | Acquired 750 gold pieces
 15096 | D:11     | Reached skill level 11 in Spellcasting
 15267 | D:11     | Noticed a two-headed ogre
 15277 | D:11     | Killed a two-headed ogre
 16316 | D:12     | Noticed Nergalle
 16321 | D:12     | Noticed a boulder beetle
 16324 | D:12     | Killed Nergalle
 16325 | D:12     | Reached skill level 10 in Conjurations
 16464 | D:11     | Learned a level 1 spell: Sting
 16476 | D:12     | Killed a boulder beetle
 16477 | D:12     | Reached XP level 12. HP: 50/81 MP: 6/31
 17038 | D:12     | Identified the +1 robe "Ycuddym" {rPois rN+ Int-5 SInv}
 17511 | D:12     | Noticed Nessos
 17523 | D:12     | Killed Nessos
 17976 | D:13     | Noticed a boulder beetle
 17990 | D:13     | Killed a boulder beetle
 18940 | D:13     | Noticed a four-headed hydra
 18956 | D:13     | Killed a four-headed hydra
 18957 | D:13     | Reached skill level 5 in Fighting
 19154 | D:14     | Noticed Zeor's ghost (adept GrGl)
 19154 | D:14     | Found a runed translucent door.
 19718 | D:14     | Noticed a catoblepas
 19741 | D:14     | Killed a catoblepas
 19972 | D:14     | Found a gate to the Vaults.
 20441 | D:14     | Reached skill level 5 in Dodging
 20656 | D:14     | Identified the +1 leather armour "Canask" {Harm rC+ Str-3}
 20701 | D:14     | Noticed a centaur warrior
 20709 | D:14     | Killed a centaur warrior
 20735 | D:14     | Noticed a centaur warrior
 20743 | D:14     | Killed a centaur warrior
 20934 | D:14     | Noticed a catoblepas
 20951 | D:14     | Killed a catoblepas
 21150 | D:14     | Reached XP level 13. HP: 102/102 MP: 17/33
 21349 | D:14     | Identified the +5 spear of Compound Interest {freeze, SInv}
 21851 | D:15     | Entered Level 15 of the Dungeon
 22113 | D:15     | Noticed Roxanne
 22462 | D:15     | Found a staircase to the Depths.
 22462 | D:15     | Noticed a fire giant
 22501 | D:15     | Killed a fire giant
 23476 | D:15     | Learned a level 4 spell: Fulminant Prism
 24705 | D:15     | Killed Roxanne
 25055 | Lair:1   | Entered Level 1 of the Lair of Beasts
 25108 | Lair:1   | Noticed Prince Ribbit
 25111 | Lair:1   | Killed Prince Ribbit
 25371 | Lair:1   | Learned a level 6 spell: Statue Form
 25373 | Lair:1   | Learned a level 1 spell: Sting
 25592 | Lair:1   | Noticed turdburglar's ghost (journeyman DrAE)
 25595 | Lair:1   | Found a transporter.
 25782 | Lair:1   | Reached skill level 10 in Dodging
 25917 | Lair:1   | Found a transporter.
 26057 | Lair:1   | Reached skill level 1 in Transmutations
 26057 | Lair:1   | Reached skill level 1 in Earth Magic
 26619 | Lair:2   | Found a gate leading to a gauntlet.
 26636 | Gauntlet | Entered a Gauntlet
 26636 | Gauntlet | Found a transporter.
 26636 | Gauntlet | Found a transporter.
 26636 | Gauntlet | Found a runed translucent door.
 26706 | Gauntlet | Found a transporter.
 26710 | Gauntlet | Found a transporter.
 26721 | Gauntlet | Found a transporter.
 26722 | Gauntlet | Found a transporter.
 26730 | Gauntlet | Found a transporter.
 26746 | Gauntlet | Found a transporter.
 26764 | Gauntlet | Found a transporter.
 26764 | Gauntlet | Found a transporter.
 26774 | Gauntlet | Found a transporter.
 26778 | Gauntlet | Found a transporter.
 26782 | Gauntlet | Found a runed translucent door.
 26985 | Gauntlet | Identified the scarf of Anoysch {+Inv, rC+ Str+3 Dex+3}
 27337 | Gauntlet | Identified the +1 pair of boots of Jephag {rPois rN+++
                  | Dex-5}
 27415 | Gauntlet | Noticed a minotaur
 27447 | Gauntlet | Killed a minotaur
 29101 | Lair:2   | Found a staircase to the Snake Pit.
 29827 | Lair:3   | Reached skill level 5 in Transmutations
 29827 | Lair:3   | Reached skill level 5 in Earth Magic
 29827 | Lair:3   | Reached XP level 14. HP: 65/110 MP: 12/34
 30919 | Lair:3   | Found a staircase to the Swamp.
 31132 | Lair:4   | Found a staircase to the Slime Pits.
 32484 | Lair:5   | Entered Level 5 of the Lair of Beasts
 32502 | Lair:4   | Reached skill level 1 in Shields
 32598 | Lair:5   | Reached skill level 1 in Armour
 33823 | Lair:5   | Identified the +0 robe of the Blessed Realm {SInv}
 34330 | Lair:5   | Reached skill level 5 in Shields
 34341 | Lair:4   | Reached skill level 5 in Armour
 35497 | Lair:5   | Found a runed translucent door.
 35498 | Lair:5   | Noticed Zeor's ghost (journeyman DrGl)
 35498 | Lair:5   | Identified the +9 battleaxe of Ashenzari's Generosity
                  | {chaos, +Blink rElec rN+}
 36085 | Lair:1   | Reached XP level 15. HP: 90/115 MP: 28/35
 37125 | Swamp:1  | Entered Level 1 of the Swamp
 37144 | Swamp:1  | Reached skill level 12 in Spellcasting
 37489 | Lair:5   | Learned a level 4 spell: Olgreb's Toxic Radiance
 39020 | Swamp:2  | Found a runed translucent door.
 39118 | Swamp:2  | You fall into a shaft and drop 1 floor!
 39733 | Swamp:3  | Learned a level 2 spell: Wereblood
 39738 | Swamp:3  | Learned a level 4 spell: Dispel Undead
 39779 | Swamp:3  | Reached skill level 1 in Necromancy
 40764 | Swamp:2  | Noticed Ychix's ghost (journeyman GnSk)
 40803 | Swamp:4  | Entered Level 4 of the Swamp
 41306 | Swamp:4  | Noticed a tentacled monstrosity
 41327 | Swamp:4  | Killed a tentacled monstrosity
 41514 | Swamp:4  | Learned a level 3 spell: Vhi's Electric Charge
 41520 | Swamp:4  | Learned a level 5 spell: Arcjolt
 41551 | Swamp:4  | Identified the +4 dagger "Seakukh" {heavy, rElec rF- Dex+3}
 41594 | Swamp:4  | Reached skill level 13 in Spellcasting
 41595 | Swamp:4  | Noticed Bai Suzhen
 41944 | Swamp:3  | Learned a level 4 spell: Leda's Liquefaction
 42316 | Swamp:4  | Reached XP level 16. HP: 127/127 MP: 28/38
 43199 | Swamp:4  | Paralysed by a vampire knight for 4 turns
 43234 | Swamp:3  | Paralysed by a vampire knight for 3 turns
 43761 | Swamp:4  | Got a decaying rune of Zot
 44564 | Swamp:2  | Killed Ychix's ghost
 44598 | Swamp:2  | Identified the staff of poison "Wibomida" {rPois rC++
                  | Will-}
 44734 | Snake:1  | Entered Level 1 of the Snake Pit
 44826 | Snake:1  | Reached skill level 1 in Axes
 44989 | Snake:1  | Found Qorchuil's Book Shop.
 44994 | Snake:1  | Found Dioh Loss's Distillery.
 45001 | Snake:1  | Bought a potion of degeneration for 14 gold pieces
 45001 | Snake:1  | Bought a potion of mutation for 112 gold pieces
 45001 | Snake:1  | Bought a potion of magic for 112 gold pieces
 46468 | Snake:2  | Identified the +1 robe of the Hills {rC+}
 47463 | Lair:1   | Killed turdburglar's ghost
 48306 | Snake:3  | Noticed Agnes
 48316 | Snake:3  | Killed Agnes
 48320 | Snake:3  | Reached XP level 17. HP: 134/134 MP: 21/39
 48892 | Snake:4  | Entered Level 4 of the Snake Pit
 49183 | Snake:4  | Reached XP level 18. HP: 140/140 MP: 36/40
 49335 | Snake:4  | Found Zoceoriy's Antique Armour Emporium.
 49341 | Snake:4  | Found Keng's Book Shoppe.
 49408 | Snake:4  | Bought a masterwork helmet for 237 gold pieces
 49408 | Snake:4  | Identified the +0 helmet of Curiosity {Will+ Dex+4} (You
                  | bought it in a shop on level 4 of the Snake Pit)
 49454 | Snake:4  | Bought a smelly chain mail for 237 gold pieces
 49454 | Snake:4  | Identified the +2 chain mail of the Grue {rElec rC+} (You
                  | bought it in a shop on level 4 of the Snake Pit)
 49457 | Snake:4  | Bought an amethyst-encrusted ring mail for 225 gold pieces
 49457 | Snake:4  | Identified the +2 ring mail of Spring Thaw {rPois Regen+
                  | Int-2} (You bought it in a shop on level 4 of the Snake
                  | Pit)
 49516 | Snake:4  | Learned a level 3 spell: Swiftness
 50048 | Snake:4  | Reached skill level 10 in Axes
 51054 | Snake:4  | HP: 1/140 [salamander tyrant/flame surge (34)]
 51580 | Snake:4  | Got a serpentine rune of Zot
 52862 | Swamp:4  | HP: 9/182 [Bai Suzhen] (21)]
 53866 | Swamp:3  | HP: 5/182 [Bai Suzhen/torrent of water (28)]
 54833 | Orc:1    | Entered Level 1 of the Orcish Mines
 55023 | Orc:2    | Entered Level 2 of the Orcish Mines
 55376 | Orc:1    | Found a transporter.
 55381 | Orc:1    | Found a transporter.
 55382 | Orc:1    | Noticed sunglassesatnite's ghost (novice MiBe)
 55384 | Orc:1    | Identified the +1 giant club "Gatao" {heavy, rC+}
 55391 | Orc:1    | Noticed Erolcha
 55416 | Orc:1    | Killed Erolcha
 55730 | Orc:1    | Gained mutation: You have hidden genetic potential.
                  | [mutagenic glow]
 55803 | Orc:1    | Killed sunglassesatnite's ghost
 56110 | Orc:2    | Found a staircase to the Elven Halls.
 56454 | Orc:2    | Found Susakurch's General Store.
 56613 | Orc:2    | Found Usuamum's General Store.
 56815 | Orc:2    | Reached skill level 10 in Fighting
 56978 | Orc:2    | Found Xaxe's Book Shop.
 56978 | Orc:2    | Found Qaypso's Antique Weapon Boutique.
 57010 | Orc:2    | Found a one-way gate leading to the halls of Pandemonium.
 57012 | Orc:2    | Bought Great Wizards, Vol. II for 608 gold pieces
 57177 | Orc:2    | Learned a level 5 spell: Borgnjor's Vile Clutch
 57222 | Elf:1    | Entered Level 1 of the Elven Halls
 57238 | Elf:1    | Paralysed by an air elemental for 1 turns
 58089 | Elf:1    | Identified the +0 scale mail "Plog" {+Blink Regen+ Dex+3}
 58134 | Elf:1    | Got Icvoal's Dissertation on the Entourage
 58831 | Elf:2    | Reached XP level 19. HP: 102/154 MP: 33/41
 59078 | Elf:2    | Found Asepaehua's Antique Weapon Emporium.
 59188 | Elf:2    | Found a runed translucent gate.
 59189 | Elf:2    | Found a runed translucent gate.
 59189 | Elf:2    | Found a runed translucent gate.
 59329 | Elf:2    | Reached skill level 10 in Shields
 59333 | Elf:2    | Noticed Jorgrun
 59345 | Elf:2    | Killed Jorgrun
 59745 | Elf:2    | Noticed Asterion
 60553 | Orc:2    | Bought a book of the Spheres for 864 gold pieces
 60746 | D:14     | Killed Zeor's ghost
 60795 | Vaults:1 | Entered Level 1 of the Vaults
 61557 | Vaults:1 | Noticed Saint Roka
 61585 | Vaults:1 | HP: 6/183 [crystal guardian/crystal bolt[a peacekeeper]
                  | (34)]
 62085 | Vaults:1 | Gained mutation: Your muscles are strong. (Str +4, Int/Dex
                  | -1) [hidden potential]
 62105 | Vaults:1 | HP: 7/205 [Saint Roka/divine providence (14)]
 62109 | Vaults:1 | Killed from afar by Saint Roka

Illustrated notes

Levels and vault maps discovered:
D:1:      sevenhm_arrival_forest_fort_large_4, layout_loops_cross, minmay_vboxes
D:2:      layout_loops_cross, nicolae_hexahallways, uniq_jessica
D:3:      layout_loops_ring, mainiacjoe_overflow_small_starburst,
          mainiacjoe_overflow_cross_hatched, minmay_door_square
D:4:      layout_cave_pools, uniq_menkaure
D:5:      layout_layer_cave, kennysheep_generic_room_15
D:6:      layout_loops_ring, trog_butcher_becter,
          minmay_temple_entry_enclosed_plants, minmay_misc_feat_alley,
          kennysheep_generic_room_3, uniq_grinder
D:7:      kennysheep_windowed_halls, layout_loops_ring, gammafunk_ghost_grave
D:8:      layout_loops_ring, mainiacjoe_overflow_divided_tiny, serial_shops,
          nicolae_shop_window_shopping, dreamdust_mushroom_princess,
          minmay_increasing_density
D:9:      layout_rooms, david_orc_3, hellmonk_bongcloud_opening
D:10:     minmay_slanted_spiral_squares, layout_cave_pools,
          mainiacjoe_overflow_six_doors_small, lair_entry_dummy
D:11:     layout_roguey, vehumet_crystals
D:12:     layout_layer_cave, uniq_nessos, uniq_nergalle
D:13:     layout_basic, hex_tiny
D:14:     layout_stronghold, david_vaults_1, ebering_ghost_funeral_grove
D:15:     grunt_enter_depths_giant_problem, layout_cave_pods,
          minmay_misc_feat_diagonals, uniq_roxanne
Lair:1:   layout_cave_pods, gammafunk_ghost_arena, serial_bayou_shore_b,
          grunt_megastairs_1, lemuel_fruit_fields, uniq_prince_ribbit2
Lair:2:   layout_cave_pods, nicolae_snake_entry_squirm, gauntlet_entry_generic
Lair:3:   layout_gridlike, nicolae_swamp_entry_splash_gauntlet, serial_forest,
          infiniplex_forest_clump_diagonal, infiniplex_forest_corner_1,
          infiniplex_forest_straight_3, infiniplex_forest_lined_2,
          infiniplex_forest_lined_3, infiniplex_forest_end_3, nzn_random_ring
Lair:4:   layout_hall_layers, nicolae_slime_entry_field_trip,
          wad_woods_river_03, minivault_24, chequers_serial_rivers_small_a,
          kennysheep_abandoned_house
Lair:5:   minmay_lair_end_enchanted_forest, layout_cave_pods, ebering_ghost_xom,
          serial_bayou_pond_b, serial_bayou_shore_b, grunt_megastairs_3,
          infiniplex_staircase_pool_2, serial_bayou_shore_b,
          lemuel_fruit_fields, serial_bayou_shore_b
Swamp:1:  layout_falls_marsh, nicolae_swamp_well_well_well, swamp_pool4
Swamp:2:  layout_basic_swamp, ebering_ghost_reflecting_pool,
          evilmike_swamp_ruin_rubble_2, nicolae_swamp_treefoil, swamp_pool2,
          infiniplex_staircase_pool
Swamp:3:  layout_basic_swamp, nicolae_swamp_small_spring, swamp_pool5,
          nicolae_swamp_frolicking_bunyips
Swamp:4:  byrel_swamp_growth_death_and_undeath, layout_basic_swamp, swamp_pool2,
          uniq_bai_suzhen
Snake:1:  layout_basic, nicolae_triple_integral, grunt_megastairs_5,
          minmay_shop_star
Snake:2:  layout_basic
Snake:3:  layout_grid_shapes, uniq_agnes
Snake:4:  grunt_snake_rune_pools, layout_cave_town, minmay_shoptagon
Orc:1:    layout_caves, gammafunk_ghost_smash, minmay_orc_temple_b, uniq_erolcha
Orc:2:    pf_orc_diabolical, layout_caves
Elf:1:    layout_loops_ring, minmay_elf_demonology
Elf:2:    nicolae_elf_blades_crystal_corner, layout_gridlike, serial_shops,
          shop, uniq_asterion, uniq_jorgrun
Vaults:1: nicolae_vaults_closet_pinwheel_6, nicolae_vaults_tetromino_Z_2,
          vaults_room_grunt_arrival_ludios, v_pattern_4,
          dpeg_vaults_monster_box, ontoclasm_vaults_ring_small,
          nicolae_vaults_lightning_bolt, ontoclasm_vaults_misaligned,
          hangedman_vaults_stitches, nicolae_vaults_three_branches,
          nicolae_vaults_stand_back, serial_ice_g, layout_vaults_ring,
          uniq_saint_roka

Skill      XL: |  1  2  3  4  5  6  7  8  9 10 11 12 13 14 15 16 17 18 19 |
---------------+----------------------------------------------------------+-----
Spellcasting   | 2 3 4 5 6 7 8 11 13 | 13.5
Conjurations   | 4 5 6 7 8 10 11 | 11.1
Translocations | 1 7 11 12 | 12.5
Fighting       | 6 7 10 11 | 11.4
Dodging        | 6 10 | 10.1
Transmutations | 5 6 8 |  8.4
Earth Magic    | 5 6 8 |  8.4
Shields        | 5 9 11 | 11.5
Armour         | 5 7 |  7.8
Necromancy     | 4 |  4.2
Axes           | 6 8 11 | 11.8
Stealth        | 2 |  2.8

Action                     |  1- 3 |  4- 6 |  7- 9 | 10-12 | 13-15 | 16-18 | 19-21 || total
---------------------------+-------+-------+-------+-------+-------+-------+-------++-------
  Melee: Dagger            |    12 |       |     3 |     7 |       |       |       ||    22
         Punch             |     1 |       |       |       |     1 |       |       ||     2
         War axe           |       |       |       |    26 |       |       |       ||    26
         Broad axe         |       |       |       |    26 |       |   338 |   126 ||   490
         Spear             |       |       |       |       |   420 |   436 |       ||   856
         Battleaxe         |       |       |       |       |    22 |       |       ||    22
  Throw: Javelin           |       |       |       |       |       |     2 |     1 ||     3
   Cast: Magic Dart        |    67 |    88 |   114 |    30 |       |     8 |       ||   307
         Searing Ray       |       |     5 |    55 |     9 |     5 |       |       ||    74
         Iskenderun's Myst |       |       |    17 |   351 |   740 |   639 |   109 ||  1856
         Sting             |       |       |       |    11 |    20 |       |       ||    31
         Fulminant Prism   |       |       |       |       |    86 |    23 |       ||   109
         Statue Form       |       |       |       |       |    41 |   110 |    17 ||   168
         Olgreb's Toxic Ra |       |       |       |       |    14 |       |       ||    14
         Vhi's Electric Ch |       |       |       |       |     1 |     2 |       ||     3
         Leda's Liquefacti |       |       |       |       |     1 |     2 |     1 ||     4
         Wereblood         |       |       |       |       |     1 |       |       ||     1
         Borgnjor's Vile C |       |       |       |       |       |    10 |     4 ||    14
Ability: End Transformatio |       |       |       |       |     1 |       |     3 ||     4
         Evoke Invisibilit |       |       |       |       |       |       |     1 ||     1
  Evoke: Wand              |       |       |       |       |     4 |     1 |       ||     5
    Use: Scroll            |       |       |       |    27 |    14 |     5 |     8 ||    54
         Potion            |       |       |       |     2 |    11 |    10 |    14 ||    37
   Stab: Sleeping          |       |       |       |       |     1 |     1 |       ||     2
         Distracted        |       |       |       |       |       |     1 |       ||     1
         Invisible         |       |       |       |       |       |       |     6 ||     6
 Armour: Robe              |     7 |       |       |       |       |       |       ||     7
         Ring mail         |       |     7 |    33 |     9 |   163 |    37 |     7 ||   256
         Steam dragon scal |       |       |       |    27 |       |       |       ||    27
         Acid dragon scale |       |       |       |    28 |    60 |       |       ||    88
         Skin              |       |       |       |       |   350 |   462 |    82 ||   894
  Dodge: Dodged            |    18 |    10 |    40 |   115 |   888 |   991 |   206 ||  2268
  Block: Other             |       |       |       |    47 |     6 |       |       ||    53
         Reflection        |       |       |       |    10 |     5 |       |     7 ||    22
         Buckler           |       |       |       |       |   395 |   164 |       ||   559
         Tower shield      |       |       |       |       |       |     8 |       ||     8
         Kite shield       |       |       |       |       |       |   587 |   193 ||   780
